 Dungeon Crawl Stone Soup version 0.22.0-75-g3901e79 (webtiles) character file.

190 Fang the Chopper (level 5, 0/49 HPs)
             Began as a Gargoyle Berserker on Sept 13, 2018.
             Was a Priest of Trog.
             Slain by a worm (5 damage)
             ... on level 3 of the Dungeon.
             The game lasted 00:03:36 (2938 turns).

Fang the Chopper (Gargoyle Berserker)               Turns: 2938, Time: 00:03:36

Health: 0/49       AC: 22    Str: 22    XL:     5   Next: 69%
Magic:  5/5        EV:  2    Int:  7    God:    Trog [***...]
Gold:   110        SH:  0    Dex:  9    Spells: 4/4 levels left

rFire    . . .     SeeInvis .   a - +0 hand axe
rCold    . . .     Gourm    .   (no shield)
rNeg     + + +     Faith    .   (armour currently unavailable)
rPois    ∞         Spirit   .   (helmet currently unavailable)
rElec    .         Reflect  .   (cloak currently unavailable)
rCorr    .         Harm     .   (gloves currently unavailable)
MR       .....     NoTele   +   (boots currently unavailable)
Stlth    +.........             (no amulet)
HPRegen  0.16/turn              (no ring)
MPRegen  0.09/turn              (no ring)

@: tree-form, berserk cooldown, slowed, very slow
A: negative energy resistance 1, petrification resistance, rot immunity, AC +4
a: Berserk, Trog's Hand, Renounce Religion


You were on level 3 of the Dungeon.
You worshipped Trog.
Trog was most pleased with you.
You were hungry.
You were a tree.
You visited 1 branch of the dungeon, and saw 3 of its levels.

You collected 110 gold pieces.

Inventory:

Hand Weapons
 a - a +0 hand axe (weapon)
Armour
 b - a +0 animal skin (melded)
Jewellery
 s - an uncursed ring of fire {unknown}
Scrolls
 d - 4 scrolls of amnesia {unknown}
 f - 3 scrolls of teleportation {unknown}
 i - a scroll of blinking {unknown}
 j - 3 scrolls of remove curse {unknown}
 l - 3 scrolls of identify {unknown}
 m - a scroll of enchant armour {unknown}
Potions
 e - a potion of invisibility {unknown}
 g - a potion of lignification
 h - 2 potions of agility {unknown}
 k - a potion of flight {unknown}
 n - a potion of curing {unknown}
 o - 3 potions of mutation {unknown}
 p - 2 potions of heal wounds {unknown}
 r - a potion of cancellation {unknown}
Comestibles
 c - 7 rations
 q - a chunk of flesh


   Skills:
 + Level 4.2 Fighting
 + Level 4.4 Axes
 + Level 2.3 Armour
 + Level 2.5 Dodging
 + Level 0.8 Stealth


You had 4 spell levels left.
You didn't know any spells.
Your spell library was empty.

Dungeon Overview and Level Annotations

Branches:
Dungeon (3/15)

Altars:
Okawaru


Innate Abilities, Weirdness & Mutations

You are resistant to torment.
((Your stone body is resilient. (AC +4)))
You are immune to poison.
You resist negative energy. (rN+)
((You are resistant to electric shocks. (rElec)))
((You can survive without breathing.))
You are immune to petrification.
You are immune to rotting.


Message History

You barely miss the hobgoblin.
The hobgoblin is heavily wounded.
You hit the worm. You closely miss something.
Something hits you but does no damage.
The hobgoblin hits you but does no damage.
The worm bites you but does no damage.
You hit the hobgoblin.
You kill the hobgoblin!
Trog accepts your kill.
You hit the worm but do no damage. You barely miss something.
Something hits you but does no damage. x2
The worm bites you but does no damage.
You miss something. You hit the worm. Something hits you but does no damage.
The worm bites you.
* * * LOW HITPOINT WARNING * * *
Something hits you but does no damage.
You closely miss the orc. You closely miss something. You barely miss the worm.
The orc barely misses you. Something hits you but does no damage.
The worm bites you.
You die...

## ########### ..
#.......... ##.
#...[...... #..
#.......... #..
#########..
...##..#################..
.......)o♣................
.......ww.................
##...#.#################..
....... #.. ###.##. #.. #
w. #.. .. #.. ... .....
.....


You could see 2 worms and an orc.

Vanquished Creatures
  An orc wizard (D:3)
  Robin (D:2)
  6 adders
  A worm (D:2)
  2 dart slugs
  3 leopard geckos
  8 orcs (D:3)
  8 bats
  2 giant cockroaches
  7 hobgoblins
  4 jackals (D:1)
  A quokka (D:2)
  A ball python (D:1)
  5 frilled lizards
  12 goblins
  11 kobolds
  10 rats
83 creatures vanquished.

Notes
Turn   | Place    | Note
-------+----------+-------------------------------------------
     0 | D:1      | Fang the Gargoyle Berserker began the quest for the Orb.
     0 | D:1      | Reached XP level 1. HP: 14/14 MP: 1/1
    32 | D:1      | Reached XP level 2. HP: 13/19 MP: 2/2
   469 | D:1      | Reached ** piety under Trog
   532 | D:1      | Reached XP level 3. HP: 24/24 MP: 3/3
  1211 | D:2      | Reached XP level 4. HP: 10/29 MP: 4/4
  1670 | D:2      | Noticed Robin
  1683 | D:2      | Killed Robin
  1820 | D:2      | Reached *** piety under Trog
  1837 | D:2      | Reached XP level 5. HP: 33/33 MP: 5/5
  1964 | D:2      | Found an iron altar of Okawaru.
  2938 | D:3      | Slain by a worm

Skill      XL: |  1  2  3  4 |
---------------+-------------+-----
Axes           | 3 4 |  4.4
Dodging        | 2 |  2.5
Fighting       | 4 |  4.2
Armour         | |  2.3
Stealth        | |  0.8

Action                   |  1- 3 |  4- 6 || total
-------------------------+-------+-------++-------
Melee: Hand axe          |   121 |   127 ||   248
Invok: Berserk           |     3 |     3 ||     6
  Use: Potion            |       |     1 ||     1
  Eat: Chunk             |     3 |     8 ||    11
Armor: Animal skin       |    56 |    54 ||   110
       Skin              |       |    24 ||    24
Dodge: Dodged            |   114 |   115 ||   229
